 Dungeon Crawl Stone Soup version 0.26-a0-752-gcff87cac9a (webtiles) character file.

Game seed: 13448075545038817923

8701 Peloso the Blocker (level 11, -1/95 HPs)
             Began as a Minotaur Fighter on Nov 6, 2020.
             Was a High Priest of Okawaru.
             Slain by a troll (7 damage)
             ... on level 11 of the Dungeon.
             The game lasted 00:21:14 (10120 turns).

Peloso the Blocker (Minotaur Fighter)              Turns: 10120, Time: 00:21:15

Health: -1/95      AC: 16    Str: 23    XL:     11   Next: 13%
Magic:  8/10       EV: 11    Int:  5    God:    Okawaru [*****.]
Gold:   451        SH: 21    Dex: 13    Spells: 10/10 levels left

rFire    + + .     SeeInvis .   a - +7 scimitar (flame)
rCold    + . .     Faith    .   c - +0 tower shield
rNeg     . . .     Spirit   .   t - +1 chain mail
rPois    .         Reflect  .   (helmet restricted)
rElec    .         Harm     .   (no cloak)
rCorr    .         Rampage  .   q - +0 pair of gloves
MR       .....                  (no boots)
Stlth    +.........             (no amulet)
HPRegen  0.25/turn              e - ring of protection from cold
MPRegen  0.12/turn              J - ring of protection from fire

@: heroism
A: retaliatory headbutt, horns 2, thin skeletal structure 1, fire resistance 1
a: Heroism, Finesse, Renounce Religion


You were on level 11 of the Dungeon.
You worshipped Okawaru.
Okawaru was extremely pleased with you.
You visited 2 branches of the dungeon, and saw 12 of its levels.

You collected 451 gold pieces.

Inventory:

Hand Weapons
 a - a +7 scimitar of flaming (weapon)
 b - a +0 trident of freezing
Armour
 c - a +0 tower shield (worn)
 q - a +0 pair of gloves (worn)
 t - a +1 chain mail (worn)
Jewellery
 e - a ring of protection from cold (left hand)
 p - an uncursed ring of protection from cold
 G - an uncursed ring of fire
 H - an uncursed ring of ice
 I - an uncursed amulet of guardian spirit {unknown}
 J - a ring of protection from fire (right hand)
Wands
 o - a wand of iceblast (15)
 v - a wand of flame (10)
 x - a wand of random effects (16)
 y - a wand of acid (7)
Scrolls
 f - 8 scrolls of identify
 h - 2 scrolls of teleportation
 m - a scroll of fog
 n - a scroll of noise {unknown}
 r - 3 scrolls of enchant armour
 s - 2 scrolls of remove curse
 w - a scroll of fear {unknown}
 A - 3 scrolls of brand weapon {unknown}
 C - a scroll of acquirement {unknown}
 D - a scroll of immolation {unknown}
 E - a scroll of enchant weapon
 F - 2 scrolls of magic mapping
Potions
 d - a potion of might
 g - 2 potions of haste
 i - a potion of curing
 j - 2 potions of brilliance
 k - 2 potions of berserk rage
 l - 2 potions of flight
 u - a potion of mutation
 z - 3 potions of heal wounds {unknown}
 B - a potion of attraction {unknown}
 K - a potion of ambrosia


   Skills:
 + Level 8.7(13.7) Fighting
 + Level 11.4(16.4) Long Blades
 + Level 10.1(15.1) Armour
 + Level 3.0(8.0) Dodging
 + Level 0.7(5.7) Stealth
 + Level 11.7(16.7) Shields
 + Level 0.4 Invocations
 + Level 1.4 Evocations


You had 10 spell levels left.
You didn't know any spells.
Your spell library contained the following spells:

 Spells                   Type           Power        Failure   Level
 Foxfire                  Conj/Fire      #...         100%        1
 Conjure Flame            Conj/Fire      #.......     100%        3
 Inner Flame              Hex/Fire       #.......     100%        3
 Sticky Flame             Conj/Fire      #.......     100%        4
 Fireball                 Conj/Fire      #.........   100%        5


Dungeon Overview and Level Annotations

Branches:
Dungeon (11/15)            Temple (1/1) D:5            Lair (0/6) D:8
    Orc (0/2) D:9

Altars:
Ashenzari
Dithmenos
Elyvilon
Fedhas
Gozag
Hepliaklqana
Kikubaaqudgha
Makhleb
Nemelex Xobeh
Okawaru
Qazlal
Ru
Sif Muna
Uskayaw
Vehumet
Xom
Zin

Annotations:
D:7 Prince Ribbit
D:8 2 transporters, exclusion: obsidian statue
D:9 1 runed translucent door
D:11 3 runed translucent doors, 1994's ghost, journeyman HOGl


Innate Abilities, Weirdness & Mutations

You reflexively headbutt those who attack you in melee.
You have a pair of horns on your head.
You have a somewhat thin skeletal structure. (Dex +2, Stealth)
Your flesh is heat resistant. (rF+)


Message History

The troll shouts!
Unknown command.
You gain the combat prowess of a mighty hero.
You block the troll's attack. x2; The troll claws you.
* * * LOW HITPOINT WARNING * * *
You slash the troll! You burn the troll.
The troll is moderately wounded.
The troll bites you.
* * * LOW HITPOINT WARNING * * *
You block the troll's attack. x2
You slash the troll! You burn the troll. Your headbutt misses the troll.
The troll is severely wounded.
You barely miss the troll. Your headbutt misses the troll.
The troll is severely wounded.
You block the troll's attack. x3
Unknown command.
You barely miss the troll.
The troll is severely wounded.
The troll bites you!
You die...

.......#.................#######.
.......#.................# #.
.......#............###### ....
..###################... .....
............... .....
............... .....
............... .....
............... ....
.......@....... ...
.......T....... ..
............... . ###############


You could see a troll.

Vanquished Creatures
  Fannar (D:10)
  Erica (D:8)
  2 two-headed ogres
  A manticore (D:10)
  A troll (D:8)
  A slime creature (D:11)
  7 yaks
  Eustachio (D:6)
  Edmund (D:6)
  An ice beast (D:7)
  2 orc warriors
  A phantom (D:4)
  A black bear (D:6)
  3 wolves (D:8)
  8 centaurs
  2 ogres
  A big kobold (D:9)
  Blork the orc (D:4)
  3 bullfrogs
  3 scorpions
  5 killer bees (D:9)
  8 wights
  4 electric eels (D:8)
  3 howler monkeys (D:9)
  A bullfrog zombie (D:6)
  4 jellies
  A bullfrog skeleton (D:6)
  A gnoll shaman (D:4)
  7 hounds
  A quasit (D:10)
  3 orc priests (D:6)
  2 orc wizards
  A centaur skeleton (D:9)
  7 iguanas
  4 worker ants
  A hound skeleton (D:6)
  5 adders
  7 gnolls
  2 howler monkey skeletons
  2 shadow imps
  A white imp (D:7)
  4 ufetubi
  4 oozes
  3 adder skeletons
  2 worms
  3 dart slugs
  6 leopard geckos
  25 orcs
  3 giant cockroaches
  7 goblins
  A hobgoblin (D:3)
  10 jackals
  10 kobolds
  3 quokkas
  A ball python (D:4)
  6 bats
  9 frilled lizards
  A leopard gecko skeleton (D:4)
  2 rats
212 creatures vanquished.

Notes
Turn   | Place    | Note
-------+----------+-------------------------------------------
     0 | D:1      | Peloso the Minotaur Fighter began the quest for the Orb.
     0 | D:1      | Reached XP level 1. HP: 19/19 MP: 0/0
    75 | D:1      | Reached XP level 2. HP: 26/27 MP: 1/1
   615 | D:1      | Reached XP level 3. HP: 33/33 MP: 2/2
  1097 | D:2      | Gained mutation: You have a somewhat thin skeletal
                  | structure. (Dex +2, Stealth) [potion of mutation]
  1097 | D:2      | Gained mutation: Your flesh is heat resistant. (rF+)
                  | [potion of mutation]
  1686 | D:3      | Noticed a bullfrog
  1706 | D:3      | Killed a bullfrog
  1706 | D:3      | Reached XP level 4. HP: 18/40 MP: 3/3
  2271 | D:4      | Noticed Blork the orc
  2286 | D:4      | Killed Blork the orc
  2286 | D:4      | Reached skill level 5 in Armour
  2286 | D:4      | Reached XP level 5. HP: 37/47 MP: 4/4
  2389 | D:4      | Reached skill level 5 in Shields
  2409 | D:4      | Reached XP level 6. HP: 36/53 MP: 5/5
  2779 | D:4      | Reached skill level 1 in Dodging
  2798 | D:4      | Reached skill level 5 in Long Blades
  3176 | D:5      | Entered Level 5 of the Dungeon
  3185 | D:5      | Found a stormy altar of Qazlal.
  3274 | D:5      | Found an opulent altar of Gozag.
  3404 | D:5      | Reached XP level 7. HP: 58/60 MP: 6/6
  3553 | D:5      | Reached skill level 5 in Fighting
  3824 | D:5      | Found a staircase to the Ecumenical Temple.
  3847 | Temple   | Entered the Ecumenical Temple
  3885 | Temple   | Became a worshipper of Warmaster Okawaru
  4078 | D:6      | Noticed Eustachio
  4096 | D:6      | Killed Eustachio
  4441 | D:6      | Reached XP level 8. HP: 69/69 MP: 7/7
  4653 | D:6      | Noticed Edmund
  4671 | D:6      | Killed Edmund
  4671 | D:6      | Reached * piety under Okawaru
  4802 | D:6      | Noticed a two-headed ogre
  4815 | D:6      | Killed a two-headed ogre
  5002 | D:5      | Reached ** piety under Okawaru
  5002 | D:5      | Reached XP level 9. HP: 69/75 MP: 8/8
  5459 | D:7      | Noticed Prince Ribbit
  6668 | D:8      | Reached *** piety under Okawaru
  7104 | D:8      | Noticed a centaur warrior
  7104 | D:8      | Noticed a yaktaur captain
  7106 | D:8      | Found a transporter.
  7106 | D:8      | Noticed an obsidian statue
  7106 | D:8      | Noticed a troll
  7109 | D:8      | Found a transporter.
  7139 | D:8      | Found a staircase to the Lair.
  7141 | D:8      | Noticed a troll
  7173 | D:8      | Killed a troll
  7173 | D:8      | Reached skill level 10 in Shields
  7641 | D:8      | Noticed Erica
  7655 | D:8      | Killed Erica
  7655 | D:8      | Reached **** piety under Okawaru
  7655 | D:8      | Reached XP level 10. HP: 53/86 MP: 9/9
  8259 | D:8      | Noticed a two-headed ogre
  8265 | D:8      | Killed a two-headed ogre
  8499 | D:9      | Reached skill level 10 in Long Blades
  8531 | D:9      | Found a staircase to the Orcish Mines.
  8542 | D:9      | Reached skill level 1 in Evocations
  8903 | D:9      | Found a white marble altar of Elyvilon.
  8904 | D:9      | Found a runed translucent door.
  8904 | D:9      | Noticed an angel
  9003 | D:9      | Reached ***** piety under Okawaru
  9376 | D:10     | Entered Level 10 of the Dungeon
  9476 | D:10     | Found a white marble altar of Elyvilon.
  9482 | D:10     | Noticed Fannar
  9489 | D:10     | Noticed a manticore
  9500 | D:10     | Killed Fannar
  9500 | D:10     | Received a gift from Okawaru
  9504 | D:10     | Killed a manticore
  9504 | D:10     | Reached skill level 10 in Armour
  9764 | D:10     | Reached XP level 11. HP: 95/95 MP: 10/10
  9916 | D:11     | Noticed a frost giant
  9917 | D:11     | Noticed 1994's ghost (journeyman HOGl)
  9918 | D:11     | Found a runed translucent gate.
  9919 | D:11     | Found a runed translucent gate.
  9920 | D:11     | Found a runed translucent gate.
 10120 | D:11     | Slain by a troll

Illustrated notes

Levels and vault maps discovered:
D:1:      lemuel_arrival_cross, layout_basic
D:2:      layout_basic
D:3:      layout_basic
D:4:      layout_basic, uniq_blork_the_orc
D:5:      layout_loops_ring, kennysheep_mini, minmay_temple_entry_trees,
          nicolae_gozag_cash_rules_everything_around_me
D:6:      layout_cave_pools, serial_park, uniq_edmund, uniq_eustachio
D:7:      layout_basic, uniq_prince_ribbit1
D:8:      gammafunk_sealed_arena, layout_gridville, erik_lair_island,
          kennysheep_generic_room_11, uniq_erica
D:9:      layout_long_grid, orc_0_dummy, lemuel_angel_altar
D:10:     layout_stronghold, serial_shops, kennysheep_mini_moat,
          grunt_decor_fettered, elyvilon_altar_5, uniq_fannar
D:11:     layout_grid_maze, gammafunk_ghost_split
Temple:   nicolae_temple_the_god_donut

Skill      XL: |  1  2  3  4  5  6  7  8  9 10 |
---------------+-------------------------------+-----
Fighting       | 4 5 6 7 8 |  8.7
Armour         | 4 5 6 7 9 10 | 10.1
Shields        | 4 5 6 8 10 11 | 11.7
Long Blades    | 3 4 5 6 8 9 11 | 11.4
Dodging        | 1 2 3 |  3.0
Evocations     | 1 |  1.4
Stealth        | |  0.7
Invocations    | |  0.4

Action                   |  1- 3 |  4- 6 |  7- 9 | 10-12 || total
-------------------------+-------+-------+-------+-------++-------
Melee: Long sword        |    86 |   103 |   349 |       ||   538
       Headbutt          |    12 |    19 |    67 |    32 ||   130
       Scimitar          |       |       |       |   142 ||   142
Invok: Heroism           |       |       |     3 |     1 ||     4
Evoke: Wand              |       |       |     7 |     5 ||    12
  Use: Potion            |     7 |       |     4 |       ||    11
       Scroll            |       |    11 |       |     4 ||    15
Armor: Scale mail        |    20 |       |       |       ||    20
       Chain mail        |    27 |    66 |   163 |    31 ||   287
Dodge: Dodged            |    26 |    20 |   124 |    32 ||   202
Block: Kite shield       |    47 |    61 |   303 |       ||   411
       Tower shield      |       |       |       |   152 ||   152
       Rpst.: Long sword |     3 |     3 |    32 |       ||    38
       Scimitar          |       |       |       |     8 ||     8

Table legend: (Time is in decaauts)
 A = Elapsed time spent in this place.
 B = Non-inter-level travel time spent in this place.
 C = Inter-level travel time spent in this place.
 D = Time resting spent in this place.
 E = Time spent auto-exploring this place.
 F = Levels seen in this place.
 G = Mean time per level.
                   A        B        C        D        E       F      G
               +--------+--------+--------+--------+--------+-----+--------+
         Total |  10186 |   9945 |    241 |   1204 |   6677 |  12 |  848.8 |
       Dungeon |  10111 |   9870 |    241 |   1204 |   6677 |  11 |  919.2 |
        Temple |     75 |     75 |      0 |      0 |      0 |   1 |   75.0 |
               +--------+--------+--------+--------+--------+-----+--------+

Top non-repeatable levels by time:
     D:8: 1931 daAuts
     D:5: 1389 daAuts
     D:7: 1080 daAuts
     D:4: 980 daAuts
     D:9: 899 daAuts
     D:6: 846 daAuts
     D:3: 845 daAuts
     D:1: 767 daAuts
     D:2: 635 daAuts
    D:10: 499 daAuts
    D:11: 236 daAuts
  Temple: 75 daAuts
